Map: 16-Bit LE

Players

fragilis - Winner!

  • Race: Terran Terran
  • League: Diamond
  • Spawn Location: 1:00

Cheater 1 (Resources)

  • Race: Protoss Protoss
  • Spawn Location: 7:00

VOD

Have the link to the VOD?

Description

Time

  • Played on: March 19, 2019, 10:52 a.m.
  • Length: 11:59
Show
View Real Time Build Order
Export as new Build Order

fragilis Terran - Winner!

Build Orders: Reaper Expand 

Get SALT Encoding   

  12  0:00  SCV  
  13  0:13  SCV  
  14  0:18  Supply Depot  
  14  0:25  SCV  
  15  0:39  SCV  
  15  0:41  Barracks  
  16  0:45  Refinery  
  16  0:52  SCV  
  17  1:04  SCV  
  18  1:16  SCV  
  19  1:28  Orbital Command  
  19  1:29  Reaper  
  20  1:43  Command Center  
  20  1:51  Supply Depot  
  20  1:54  SCV  
  20  1:59  Refinery  
  21  2:02  Barracks Reactor  
  21  2:06  SCV  
  22  2:18  SCV  
  23  2:24  Factory  
  23  2:30  SCV  
  24  2:39  Marine x2  
  24  2:42  SCV  
  27  2:54  SCV  
  27  2:58  Orbital Command  
  28  3:07  SCV, Barracks  
  29  3:14  Starport  
  29  3:15  Barracks Tech Lab  
  29  3:17  Widow Mine  
  29  3:19  SCV  
  32  3:26  SCV  
  33  3:31  SCV  
  34  3:35  Stimpack  
  34  3:36  Bunker  
  34  3:38  SCV, Marine  
  36  3:43  SCV, Widow Mine  
  39  3:50  SCV  
  39  3:54  Medivac  
  39  3:55  SCV, Supply Depot  
  43  3:56  Marine  
  43  3:59  Barracks Reactor  
  45  4:02  SCV  
  45  4:07  SCV  
  45  4:08  Barracks  
  46  4:16  Widow Mine  
  48  4:18  Supply Depot  
  48  4:20  SCV x2  
  50  4:25  Starport Reactor  
  50  4:32  SCV x2  
  52  4:46  Marine  
  52  4:47  Marine  
  52  4:48  Supply Depot  
  52  4:50  Engineering Bay  
  52  4:52  Engineering Bay  
  54  5:00  Command Center  
  54  5:08  SCV x2  
  54  5:10  Supply Depot  
  54  5:11  Barracks Reactor  
  56  5:17  Refinery, Marine x3  
  56  5:18  Medivac  
  56  5:19  Refinery  
  56  5:20  SCV x2  
  63  5:21  Widow Mine  
  63  5:27  Terran Infantry Armor Level 1, Terran Infantry Weapons Level 1  
  65  5:32  SCV, Sensor Tower  
  67  5:35  SCV  
  67  5:42  Medivac  
  67  5:44  SCV  
  70  6:02  SCV x2  
  72  6:05  Supply Depot, Marine x3  
  72  6:06  Marine x2  
  72  6:08  Armory  
  72  6:11  Combat Shield  
  77  6:16  Orbital Command  
  77  6:19  SCV  
  77  6:20  SCV  
  77  6:23  Widow Mine, Marine x4  
  77  6:24  Sensor Tower  
  85  6:28  Supply Depot  
  85  6:40  Marine  
  85  6:41  Marine x2  
  85  6:44  Marine x2  
  85  6:45  Barracks  
  85  6:46  Widow Mine, Medivac  
  94  6:51  SCV x2, Supply Depot  
  96  6:58  Marine  
  96  6:59  Marine  
  98  7:04  Terran Vehicle Weapons Level 1  
  98  7:05  Marine x3  
  101  7:13  Widow Mine x2, Supply Depot  
  101  7:14  SCV  
  106  7:16  Marine x2  
  106  7:17  SCV  
  106  7:18  SCV  
  110  7:23  Terran Infantry Weapons Level 2, Marine x3  
  110  7:24  Terran Infantry Armor Level 2  
  113  7:34  Marauder, Marine  
  113  7:35  Supply Depot  
  116  7:41  Marine x2  
  118  7:48  SCV, Marine  
  120  7:52  Barracks Tech Lab, Marine  
  120  7:53  Barracks  
  120  7:55  Marine  
  120  7:56  SCV x2  
  124  7:59  Refinery, Marine x2  
  124  8:00  SCV  
  124  8:01  Refinery  
  127  8:06  Supply Depot, Medivac x2  
  127  8:07  Marine  
  127  8:08  SCV  
  127  8:11  Concussive Shells  
  133  8:14  Sensor Tower  
  133  8:27  Marine x4  
  133  8:28  SCV x2, Marauder  
  133  8:30  Supply Depot  
  133  8:34  Marauder  
  143  8:36  Command Center, Medivac  
  145  8:49  Marauder  
  145  8:52  Marine x3  
  145  8:53  Marine  
  145  8:55  Barracks Tech Lab, Marauder  
  153  8:57  Medivac  
  153  8:58  Barracks  
  153  9:01  Terran Vehicle Weapons Level 2  
  155  9:10  Marine x2  
  155  9:11  Marauder  
  155  9:12  Supply Depot  
  155  9:15  Marine x3  
  155  9:16  Marauder  
  168  9:17  Widow Mine x2  
  168  9:18  Medivac  
  170  9:27  Medivac  
  170  9:29  Marine  
  173  9:33  Marauder, Marine  
  173  9:38  Marauder  
  178  9:52  Marine x3  
  178  9:53  Marauder, Marine  
  178  9:54  Barracks Tech Lab  
  178  9:55  Marauder  
  178  9:56  SCV, Orbital Command  
  178  9:59  Marauder  
  188  10:07  Factory  
  188  10:10  Marine x4  
  192  10:14  Marauder  
  192  10:16  Marauder  
  196  10:25  Marauder  
  187  10:28  SCV  
  187  10:29  SCV x2  
  190  10:35  Medivac x2  
  190  10:36  Supply Depot, Marauder  
  196  10:53  Command Center  
  196  10:57  Factory Tech Lab  
  196  10:58  Marauder  
  198  11:06  Starport  
  170  11:33  Marauder x2, Marine x4  
  170  11:34  Marauder x2  
Show
View Real Time Build Order
Export as new Build Order

Cheater 1 (Resources) Protoss 

Build Orders:  

Get SALT Encoding   

  12  0:00  Probe  
  13  0:13  Probe  
  14  0:20  Pylon  
  14  0:25  Probe  
  15  0:34  Probe  
  15  0:41  Gateway  
  15  0:42  Probe  
  16  0:49  Assimilator  
  17  0:51  Probe  
  18  0:59  Probe  
  18  1:01  Pylon  
  19  1:07  Probe  
  20  1:19  Probe  
  21  1:30  Zealot  
  21  1:31  Probe  
  21  1:32  Cybernetics Core  
  24  1:43  Probe  
  25  1:58  Probe, Warp Gate  
  25  2:00  Nexus  
  25  2:06  Probe  
  27  2:16  Stalker  
  27  2:17  Probe  
  30  2:27  Pylon  
  30  2:29  Probe  
  31  2:39  Gateway  
  31  2:46  Zealot  
  32  2:59  Assimilator  
  32  3:01  Probe  
  32  3:03  Adept  
  33  3:10  Pylon  
  33  3:13  Probe  
  33  3:14  Probe  
  37  3:25  Probe  
  37  3:26  Probe, Adept  
  41  3:34  Robotics Facility  
  41  3:36  Adept  
  41  3:38  Probe x2  
  45  3:47  Forge  
  45  3:58  Probe  
  46  4:04  Adept  
  46  4:06  Probe x2  
  49  4:13  Adept  
  49  4:14  Probe  
  52  4:18  Probe  
  52  4:22  Pylon  
  52  4:23  Observer  
  55  4:25  Photon Cannon  
  55  4:26  Probe, Photon Cannon  
  55  4:30  Probe  
  57  4:39  Probe, Immortal, Stalker  
  57  4:40  Pylon  
  57  4:42  Probe  
  57  4:43  Stalker  
  67  4:51  Probe  
  68  4:54  Probe  
  69  5:01  Stalker  
  69  5:03  Probe, Robotics Facility  
  69  5:06  Probe  
  65  5:07  Immortal  
  65  5:15  Probe  
  65  5:18  Probe  
  71  5:24  Twilight Council  
  71  5:27  Probe  
  71  5:28  Pylon, Sentry  
  74  5:30  Probe  
  75  5:36  Assimilator  
  75  5:39  Probe  
  75  5:42  Probe, Assimilator  
  77  5:47  Gateway  
  77  5:49  Pylon  
  77  5:51  Probe  
  77  5:54  Probe  
  72  6:02  Zealot  
  72  6:03  Probe  
  75  6:04  Dark Shrine  
  75  6:07  Probe  
  75  6:10  Stalker  
  78  6:16  Probe x2  
  78  6:18  Pylon, Stalker  
  79  6:24  Probe  
  82  6:28  Probe  
  82  6:30  Protoss Ground Weapons Level 1  
  84  6:33  Probe, Zealot  
  84  6:35  Stalker  
  89  6:41  Pylon, Zealot  
  91  6:53  Sentry  
  93  6:57  Probe  
  93  6:59  Probe, Stalker  
  86  7:01  Zealot  
  88  7:09  Probe  
  88  7:11  Probe  
  90  7:16  Zealot  
  90  7:19  Dark Templar  
  90  7:21  Probe  
  90  7:22  Dark Templar, Pylon  
  97  7:23  Probe  
  97  7:27  Forge  
  98  7:33  Probe  
  98  7:35  Probe  
  98  7:36  Zealot  
  102  7:41  Zealot  
  95  7:45  Probe  
  95  7:46  Pylon  
  95  7:47  Probe  
  97  7:54  Zealot  
  97  7:56  Zealot  
  97  7:57  Gateway, Probe  
  102  7:59  Zealot  
  102  8:00  Templar Archives, Protoss Ground Armor Level 1  
  104  8:17  Probe  
  105  8:20  Probe  
  105  8:25  Probe  
  105  8:26  Zealot  
  108  8:29  Zealot  
  108  8:33  Probe  
  111  8:36  Probe  
  111  8:39  High Templar, Pylon  
  115  8:44  Probe  
  115  8:46  Zealot  
  115  8:48  Probe  
  109  8:49  Zealot  
  109  8:51  Zealot  
  113  8:56  Probe  
  113  9:00  Probe  
  115  9:08  Zealot  
  115  9:09  Probe, Zealot  
  120  9:10  Probe  
  120  9:12  Pylon, Zealot  
  120  9:13  Stalker  
  125  9:20  Probe  
  126  9:25  Probe  
  126  9:31  Probe  
  127  9:36  Probe  
  127  9:37  Pylon  
  128  9:39  Probe  
  128  9:42  Stalker  
  127  9:48  Probe  
  127  9:51  Probe, Stalker, Archon  
  127  9:52  Nexus  
  126  9:59  Stalker  
  128  10:00  Probe  
  128  10:03  Probe  
  130  10:08  Stalker  
  130  10:11  Probe  
  133  10:15  Probe  
  133  10:19  Probe  
  133  10:20  Pylon, Zealot  
  133  10:21  Sentry  
  128  10:24  Probe  
  128  10:26  Zealot  
  128  10:27  Probe  
  108  10:31  Zealot  
  111  10:40  Zealot  
  113  10:44  Zealot  
  113  10:46  Zealot  
  117  10:51  Zealot  
  119  11:00  Zealot  
  121  11:04  Probe, Zealot  
  121  11:05  Probe  
  121  11:06  Stalker  
  125  11:11  Zealot  
  125  11:17  Probe x2  
  92  11:20  High Templar  
  92  11:21  Zealot  
  92  11:24  Stalker  
  80  11:31  High Templar, Stalker x2  
  80  11:32  Adept  
  54  11:42  Probe  
  54  11:43  Probe  
  49  11:52  Zealot  
Tags
 
League
Diamond
Matchup
PvT
Spawn Locations
Cross Positions
Add a new tag
Caveats
  • Supply blocks, unpowered buildings, or Contaminate may cause inaccurate times.
  • Supply counts are checked every 10 seconds.